 Dungeon Crawl Stone Soup version 0.28-a0-1510-gd0f6b136d3 (webtiles) character file.

Game seed: 9759770226464905916

90478 comborobin the Warrior (level 16, -1/170 HPs)
             Began as a Merfolk Delver on Jan 14, 2022.
             Was an Elder of Ashenzari.
             Slain by a frost giant (34 damage)
             ... on level 15 of the Dungeon.
             The game lasted 00:36:55 (23957 turns).

comborobin the Warrior (Merfolk Delver)            Turns: 23957, Time: 00:36:56

Health: -1/170     AC: 13    Str: 18    XL:     16   Next: 0%
Magic:  25/25      EV: 29    Int: 10    God:    Ashenzari [****..]
Gold:   1905       SH:  0    Dex: 21    Spells: 15/27 levels left

rFire   . . .      SeeInvis +   C - +2 glaive (vamp)
rCold   + . .      Faith    .   (shield currently unavailable)
rNeg    + . .      Spirit   .   z - +4 Cigotuvi's embrace {rMiasma Drain rN+}
rPois   .          Reflect  .   K - +0 helmet "Comet of the Sky" {Self, Bglg} (curse)
rElec   .          Harm     .   g - +2 cloak {rCorr}
rCorr   +          Rampage  .   j - +0 pair of gloves "Bound Together" {Elem, Cun} (curse)
Will    +....      Clarity  +   q - +0 pair of boots "Mutualism of Ashenzari" {Comp, Bglg} (curse)
Stlth   ++++......              m - amulet of Ashenzari's Loss {RegenMP, Evo, Comp} (curse)
HPRegen 0.38/turn               J - ring of Panopticon {Str+6, Fort, Cun} (curse)
MPRegen 0.59/turn               I - ring "Comet of the Firmament" {SInv, Melee, Bglg} (curse)

@: about to teleport, studying Axes
A: (nimble swimmer 2), mertail, cold resistance 1, dopey 1, robust 1, wild magic
1
a: Renounce Religion, Shatter the Chains


You were on level 15 of the Dungeon.
You worshipped Ashenzari.
Ashenzari was greatly pleased with you.
You visited 3 branches of the dungeon, and saw 22 of its levels.
You also visited: Gauntlet.

You collected 3250 gold pieces.
You spent 1345 gold pieces at shops.

Inventory:

Hand Weapons
 a - the +10 glaive of the Endless Expanse {holy, rPois rN+ Str+3 Int-2}
   (You acquired it on level 3 of the Dungeon)

   It has been blessed by the Shining One to cause great damage to the undead
   and demons.
   Str:       It affects your strength (+3).
   Int:       It affects your intelligence (-2).
   rPois:     It protects you from poison.
   rN:        It protects you from negative energy.
 b - a +2 glaive of flaming
 C - a +2 vampiric glaive (weapon)
 H - a -2 bardiche of freezing
Missiles
 r - 5 curare-tipped darts (quivered)
 B - 3 throwing nets
Armour
 g - a +2 cloak of preservation (worn)
 h - a +0 helmet
 j - the cursed +0 pair of gloves "Bound Together" (worn) {Elem, Cun}
   (You found it on level 1 of the Dungeon)

   It has a curse which improves the following skills: Elements: Fire Magic, Ice
   Magic, Air Magic and Earth Magic.
   Cunning:   Dodging and Stealth.
 q - the cursed +0 pair of boots "Mutualism of Ashenzari" (worn) {Comp, Bglg}
   (You found it on level 4 of the Dungeon)

   It has a curse which improves the following skills: Companions: Summonings
   and Necromancy.
   Beguiling: Conjurations, Hexes and Translocations.
 z - the +4 Cigotuvi's embrace (worn) {rMiasma Drain rN+}
   (You found it on level 6 of the Lair of Beasts)

   It gathers nearby corpses to temporarily increase the armour it provides.
   It protects you from foul pestilence.
   rN:        It protects you from negative energy.
   Drain:     It drains your maximum health when unequipped.
 K - the cursed +0 helmet "Comet of the Sky" (worn) {Self, Bglg}
   (You found it on level 9 of the Dungeon)

   It has a curse which improves the following skills: Introspection: Fighting
   and Spellcasting.
   Beguiling: Conjurations, Hexes and Translocations.
 N - +0 ice dragon scales
 O - the +1 robe of Shadows and Fog {Int+7}
   (You found it on level 2 of the Lair of Beasts)

   Int:       It affects your intelligence (+7).
 U - a scarf of shadows
 Z - a +0 troll leather armour
Jewellery
 m - the cursed amulet of Ashenzari's Loss (around neck) {RegenMP, Evo, Comp}
   (You found it on level 2 of the Dungeon)

   [amulet of magic regeneration]

   It increases your rate of magic regeneration.
   It has a curse which improves the following skills: Evocations: Evocations.
   Companions: Summonings and Necromancy.
 u - a ring of resist corrosion
 w - a ring of willpower
 I - the cursed ring "Comet of the Firmament" (right hand) {SInv, Melee, Bglg}
   (You found it on level 9 of the Dungeon)

   [ring of see invisible]

   SInv:      It lets you see invisible.
   It has a curse which improves the following skills: Melee Combat: Short
   Blades, Long Blades, Axes, Maces & Flails, Polearms, Staves and Unarmed
   Combat.
   Beguiling: Conjurations, Hexes and Translocations.
 J - the cursed ring of Panopticon (left hand) {Str+6, Fort, Cun}
   (You found it on level 9 of the Dungeon)

   [ring of strength]

   Str:       It affects your strength (+6).
   It has a curse which improves the following skills: Fortitude: Armour and
   Shields.
   Cunning:   Dodging and Stealth.
 R - a +4 ring of protection
 S - a ring of protection from fire
 V - an amulet of magic regeneration
Wands
 f - a wand of paralysis (3)
 p - a wand of polymorph (2)
 G - a wand of flame (28)
 M - a wand of acid (6)
 P - a wand of mindburst (24)
 Q - a wand of iceblast (12)
 X - a wand of digging (9)
Scrolls
 c - 7 scrolls of fog
 k - 2 scrolls of vulnerability
 n - 3 scrolls of enchant armour
 o - 3 scrolls of noise
 s - 3 scrolls of torment
 t - 4 scrolls of enchant weapon
 v - a scroll of summoning
 x - 5 scrolls of magic mapping
 A - 4 scrolls of blinking
 D - 5 scrolls of teleportation
 F - 3 scrolls of amnesia
 W - 7 scrolls of immolation
 Y - 2 scrolls of fear
Potions
 d - 4 potions of flight
 e - 7 potions of mutation
 i - 7 potions of brilliance
 l - 6 potions of curing
 y - 2 potions of haste
 E - 3 potions of might
 L - a potion of lignification
 T - a potion of cancellation


   Skills:
 + Level 20.9(22.6) Fighting
 - Level 18.2(20.0) Polearms
 - Level 19.3(22.0) Dodging
 - Level 5.4(8.3) Stealth
 - Level 4.2(6.0) Spellcasting
 - Level 1.1(3.3) Conjurations
 - Level 9.8(13.7) Translocations
 - Level 4.1(6.0) Air Magic
 - Level 4.0 Poison Magic


You had 15 spell levels left.
You knew the following spells:

 Your Spells              Type           Power      Damage    Failure   Level
b - Blink                 Tloc           78%        N/A       1%          2
e - Mephitic Cloud        Conj/Pois/Air  15%        N/A       17%         3
g - Sublimation of Blood  Necr           4%         N/A       41%         2
M - Manifold Assault      Tloc           39%        N/A       4%          5

Your spell library contained the following spells:

 Spells                   Type           Power      Damage    Failure   Level
 Gell's Gravitas          Tloc           39%        N/A       1%          3
 Lesser Beckoning         Tloc           39%        N/A       1%          3
 Teleport Other           Tloc           39%        N/A       1%          3
 Portal Projectile        Hex/Tloc       44%        N/A       7%          3
 Magic Dart               Conj           48%        1d5       10%         1
 Swiftness                Air            19%        N/A       10%         3
 Call Imp                 Summ           4%         N/A       41%         2
 Ensorcelled Hibernation  Hex/Ice        8%         N/A       41%         2
 Scorch                   Fire           8%         2d5       41%         2
 Passwall                 Tmut/Erth      3%         N/A       43%         2
 Conjure Flame            Conj/Fire      8%         6-21      43%         3
 Stone Arrow              Conj/Erth      16%        3d8       43%         3
 Ignite Poison            Fire/Tmut/Pois 7%         N/A       47%         3
 Call Canine Familiar     Summ           4%         N/A       63%         3
 Flame Wave               Conj/Fire      8%         2d4       82%         4
 Sticky Flame             Conj/Fire      8%         2d3       82%         4
 Animate Armour           Summ/Erth      8%         N/A       95%         4
 Leda's Liquefaction      Hex/Erth       2%         N/A       95%         4
 Petrify                  Tmut/Erth      4%         N/A       96%         4
 Irradiate                Conj/Tmut      4%         3d14      99%         5
 Lee's Rapid Deconstruct  Erth           2%         3d5*      100%        5
 Statue Form              Tmut/Erth      2%         N/A       100%        6
 Summon Cactus Giant      Summ           2%         N/A       100%        6
 Lehudib's Crystal Spear  Conj/Erth      4%         10d3      100%        8


Dungeon Overview and Level Annotations

Branches:
Dungeon (15/15)            Temple (0/1) D:7            Lair (6/6) D:8
  Swamp (0/4) Lair:4       Spider (0/4) Lair:3        Slime (0/5) Lair:5
    Orc (0/2) D:11         Vaults (0/5) D:14         Depths (1/4) D:15
Gauntlet (visited)

Altars:
Ashenzari
Kikubaaqudgha
Sif Muna
Uskayaw
Vehumet
Zin
Jiyva

Shops:
D:7 !   D:8 **   D:10 !   D:12 (:?(

Portals:
Trove: D:10 (give +3 storm dragon scales)

Annotations:
D:3 2 transporters
D:10 Fannar
D:14 3 runed translucent doors, exclusion: obsidian statue, Roxanne


Innate Abilities, Weirdness & Mutations

((You are very nimble when in or above water. (Stealth+, EV+, Speed+++)))
Your lower body shifts to a powerful aquatic tail in water.
Your flesh is cold resistant. (rC+)
You are dopey. (Int -2)
You are robust. (+10% HP)
Your spells are a little harder to cast, but a little more powerful.


Message History

Things that are here:
a +0 robe of cold resistance; a +0 dagger
There is a staircase to the Depths here.
You climb downwards.
Welcome to the Depths!
You sense a monster nearby.
Found a stone staircase leading down.
You have a vision of multiple gates.
There is a staircase back to the Dungeon here.
You reach to attack!
The helpless frost giant fails to defend itself.
You hit the frost giant but do no damage.
You reach to attack!
You slash the frost giant!
The frost giant is lightly wounded.
The stone giant shouts!
The stone giant throws a large rock.
The large rock misses you.
You slash the frost giant!
The frost giant is moderately wounded.
The stone giant throws a large rock.
The large rock hits you!
The frost giant hits you with a +1 battleaxe of freezing!!
The frost giant freezes you.
You slash the frost giant!
You feel better.
The frost giant is moderately wounded.
You hit the frost giant.
You feel better.
The frost giant is heavily wounded.
The frost giant hits you with a +1 battleaxe of freezing!!!
The frost giant freezes you.
You hear a shout! x2; You hear two shouts!
You hear a shout!
The frost giant points at you and mumbles some strange words.
The bolt of cold hits you!! You resist.
The stone giant throws a large rock.
The large rock hits you!!
* * * LOW HITPOINT WARNING * * *
You climb upwards.
Welcome back to the Dungeon!
There is a staircase to the Depths here.
Unknown command.
Unknown command.
Okay, then.
As you read the scroll of teleportation, it crumbles to dust.
You feel strangely unstable.
The frost giant hits you with a +1 battleaxe of freezing!!
You die...

.........###....###...###.###.#.#
....####.#####.#..........###.#.#
..........<....#.##.#########.#.#
........########.##.....[.....#.#
........########.##.######...##..
.......#......^..########......##
.........#########.....###.8..##
....#.#..########C......##...##
.........#######@.#####.....##
###.#.#..########.......######
.##....(......####.....#######
.####.........###############
.####.........#############
.#####...(....############
)#####........# )#####........#
.# ###........#


You could see a frost giant.

Vanquished Creatures
  Gastronok (Lair:3)
  Kirke (D:14)
  5 dire elephants (Lair:6)
  A minotaur (Gauntlet)
  2 ice dragons (D:15)
  7 hydras
  A vault guard (D:14)
  An ogre mage (D:15)
  A catoblepas (Lair:6)
  2 centaur warriors (D:13)
  11 two-headed ogres
  A tengu warrior (D:15)
  12 death yaks
  Urug (Lair:2)
  A fire crab (Lair:6)
  A spectral anaconda (Lair:6)
  A spectral death yak (Lair:6)
  An obsidian statue (Lair:6)
  A glowing orange brain (D:14)
  A wizard (D:15)
  A lindwurm (D:14)
  2 deep elf pyromancers (D:14)
  A wolf spider (Lair:3)
  5 necromancers
  5 cyclopes
  An oklob plant (Lair:6)
  3 manticores
  6 ugly things
  A guardian serpent (shapeshifter) (D:14)
  15 elephants
  Maurice (D:10)
  An ice statue (Gauntlet)
  8 black mambas
  A torpor snail (Lair:4)
  8 cane toads
  Maggie (D:6)
  2 gargoyles
  An unseen horror (D:12)
  An efreet (D:14)
  An unseen horror (shapeshifter) (D:14)
  A rime drake (shapeshifter) (D:15)
  9 komodo dragons
  3 kobold demonologists
  4 rime drakes
  2 trolls (D:12)
  Prince Ribbit (D:8)
  3 meliai (D:15)
  11 slime creatures
  Grinder (D:5)
  2 polar bears
  A raiju (shapeshifter) (D:15)
  5 dream sheep (Lair:6)
  27 blink frogs
  A spectral elephant (Lair:6)
  Sigmund (D:3)
  2 water elementals
  A shadow (D:9)
  4 vampires
  44 yaks
  A wyvern (D:8)
  A wraith (D:14)
  2 steam dragons
  2 hogs (D:14)
  3 basilisks
  2 death yak simulacra (Lair:6)
  A redback (Lair:3)
  A warg (D:11)
  20 vampire mosquitoes
  An acid dragon (D:10)
  2 spectral cane toads (Lair:6)
  18 water moccasins
  2 sky beasts
  2 orc warriors
  3 black bears
  An elephant zombie (Lair:6)
  2 ice beasts
  A necrophage (D:7)
  3 ogres
  6 centaurs
  15 wolves
  A kobold brigand (D:11)
  15 bullfrogs
  5 scorpions
  3 gnoll sergeants
  2 cane toad simulacra (Lair:6)
  A wyvern skeleton (D:7)
  A water moccasin zombie (D:5)
  6 killer bees
  A vampire bat (D:13)
  11 wights
  12 electric eels
  2 bullfrog zombies
  4 centaur zombies
  A jelly (D:6)
  2 hounds
  6 orc priests
  Crazy Yiuf (D:6)
  2 bullfrog skeletons
  A centaur skeleton (D:5)
  Jessica (D:3)
  Natasha (D:2)
  2 iguanas
  10 orc wizards
  7 hell rats (Lair:5)
  A hound zombie (D:5)
  A hound skeleton (D:5)
  5 adders
  22 gnolls
  2 white imps
  An ufetubus (D:5)
  An adder skeleton (D:4)
  3 worms
  2 dart slugs
  27 orcs
  5 ball pythons
  2 bats (D:3)
  A bat skeleton (D:13)
  5 bat zombies (D:13)
  5 endoplasms
  5 giant cockroaches
  5 hobgoblins
  A jackal (D:5)
  3 quokkas
  2 frilled lizards (D:3)
  5 goblins
  9 kobolds
  5 rats
546 creatures vanquished.

Vanquished Creatures (others)
  A death yak (Gauntlet)
  2 humans (D:14)
  33 fungi
  42 plants
  14 withered plants (Lair:6)
92 creatures vanquished.

Grand Total: 638 creatures vanquished

Notes
Turn   | Place    | Note
-------+----------+-------------------------------------------
     0 | D:5      | comborobin the Merfolk Delver began the quest for the Orb.
     0 | D:5      | Reached XP level 1. HP: 18/18 MP: 1/1
    16 | D:5      | Noticed Grinder
    29 | D:5      | Noticed a hound
    32 | D:5      | Noticed a water moccasin zombie
   327 | D:3      | Killed a hound
   328 | D:3      | Reached skill level 4 in Fighting
   328 | D:3      | Reached XP level 2. HP: 20/25 MP: 2/2
   328 | D:3      | Reached XP level 3. HP: 25/30 MP: 3/3
   555 | D:3      | Found a transporter.
   861 | D:3      | Found a transporter.
   911 | D:3      | Noticed Sigmund
   956 | D:3      | Identified 3 scrolls of acquirement
   956 | D:3      | Acquired 768 gold pieces
  1185 | D:3      | Acquired a manual of Dodging
  1187 | D:3      | Acquired the +10 glaive of the Endless Expanse {holy, rPois
                  | rN+ Str+3 Int-2}
  1231 | D:2      | Reached XP level 4. HP: 38/38 MP: 4/4
  1263 | D:2      | Noticed Natasha
  1270 | D:2      | Killed Natasha
  2168 | D:2      | Found a faded altar of an unknown god.
  2220 | D:2      | Reached skill level 5 in Dodging
  2220 | D:2      | Reached XP level 5. HP: 43/43 MP: 5/5
  3243 | D:3      | Killed Sigmund
  3244 | D:3      | Reached skill level 5 in Fighting
  3244 | D:3      | Reached skill level 5 in Polearms
  3244 | D:3      | Reached XP level 6. HP: 51/51 MP: 6/6
  3264 | D:3      | Noticed Jessica
  3268 | D:3      | Killed Jessica
  3868 | D:4      | Reached XP level 7. HP: 53/56 MP: 7/7
  4024 | D:4      | Found a shimmering blue altar of Sif Muna.
  4296 | D:5      | Noticed a gargoyle
  4315 | D:5      | Reached skill level 10 in Dodging
  4339 | D:5      | Reached skill level 6 in Fighting
  4403 | D:5      | Reached XP level 8. HP: 63/64 MP: 8/8
  4477 | D:5      | Killed a gargoyle
  4799 | D:5      | Identified the +7 flail of the Crushed Suns {venom, rC+ rN+
                  | Will+}
  5245 | D:5      | Paralysed by Grinder for 3 turns
  5248 | D:5      | Killed Grinder
  5249 | D:5      | Reached skill level 7 in Fighting
  5249 | D:5      | Reached XP level 9. HP: 58/72 MP: 9/9
  5768 | D:6      | Noticed Maggie
  5779 | D:6      | Killed Maggie
  5780 | D:6      | Reached skill level 15 in Dodging
  6283 | D:6      | Found a broken altar of Ashenzari.
  6382 | D:6      | Became a worshipper of Ashenzari the Shackled
  6450 | D:6      | Reached skill level 8 in Fighting
  6575 | D:6      | Found a runed translucent door.
  6576 | D:6      | Noticed Crazy Yiuf
  6684 | D:6      | Killed Crazy Yiuf
  6960 | D:7      | Found a staircase to the Ecumenical Temple.
  6975 | D:7      | Reached skill level 10 in Polearms
  7069 | D:7      | Reached XP level 10. HP: 80/82 MP: 10/10
  7096 | D:7      | Learned a level 2 spell: Sublimation of Blood
  7119 | D:7      | Found a hide-covered altar of Uskayaw.
  7119 | D:7      | Noticed a +0 spear
  7119 | D:7      | Noticed a +0 dagger
  7124 | D:7      | Noticed a +0 dagger
  7125 | D:7      | Noticed a +0 short sword
  7125 | D:7      | Noticed a +0 short sword
  7125 | D:7      | Noticed a +0 falchion
  7125 | D:7      | Noticed a +0 spear
  7125 | D:7      | Noticed a +0 falchion
  7203 | D:7      | Found Xeyloery's Distillery.
  7490 | D:8      | Found a glowing silver altar of Zin.
  7500 | D:8      | Found Rougeqap's Gadget Gallery.
  7569 | D:8      | Noticed Prince Ribbit
  7580 | D:8      | Killed Prince Ribbit
  7800 | D:8      | Found Hith's Lightly-Used Armoury.
  7808 | D:8      | Bought a -2 bardiche for 1 gold piece
  7830 | D:8      | Reached skill level 9 in Fighting
  7954 | D:8      | Found a staircase to the Lair.
  8240 | D:9      | Reached * piety under Ashenzari
  8257 | D:9      | Noticed a two-headed ogre
  8479 | D:9      | Killed a two-headed ogre
  8480 | D:9      | Reached XP level 11. HP: 90/90 MP: 11/11
  8628 | D:9      | Reached skill level 10 in Fighting
  8860 | D:9      | Noticed a two-headed ogre
  8868 | D:9      | Killed a two-headed ogre
  9211 | D:10     | Entered Level 10 of the Dungeon
  9600 | D:10     | Found a portal to a secret trove of treasure.
  9615 | D:10     | Noticed Fannar
  9659 | D:10     | Reached skill level 15 in Polearms
  9685 | D:10     | Reached ** piety under Ashenzari
  9816 | D:10     | Found Iwketzi's Distillery.
  9919 | D:10     | Bought a potion of mutation for 96 gold pieces
  9919 | D:10     | Gained mutation: You are robust. (+10% HP) [potion of
                  | mutation]
  9919 | D:10     | Gained mutation: You are dopey. (Int -2) [potion of
                  | mutation]
  9919 | D:10     | Gained mutation: You have hidden genetic potential. [potion
                  | of mutation]
 10171 | D:10     | Noticed Maurice
 10181 | D:10     | Killed Maurice
 10897 | D:11     | Found a staircase to the Orcish Mines.
 11040 | D:11     | Reached *** piety under Ashenzari
 11416 | D:11     | Noticed a two-headed ogre
 11420 | D:11     | Killed a two-headed ogre
 11559 | D:11     | Identified the cursed +0 pair of boots "Mutualism of
                  | Ashenzari" {Comp, Bglg} (You found it on level 4 of the
                  | Dungeon)
 11715 | D:12     | Found Suxkairi's Book Boutique.
 11723 | D:12     | Bought a book of Minor Magic for 234 gold pieces
 11727 | D:12     | Learned a level 3 spell: Mephitic Cloud
 11727 | D:12     | Bought a book of Spatial Translocations for 338 gold pieces
 11730 | D:12     | Learned a level 2 spell: Blink
 11758 | D:12     | Found a gate leading to a gauntlet.
 11764 | D:12     | Noticed a manticore
 11776 | D:12     | Killed a manticore
 11777 | D:12     | Reached skill level 1 in Poison Magic
 11777 | D:12     | Reached XP level 12. HP: 74/110 MP: 12/14
 11782 | Gauntlet | Entered a Gauntlet
 11782 | Gauntlet | Found a transporter.
 11782 | Gauntlet | Found a transporter.
 11804 | Gauntlet | Noticed a death scarab
 11917 | Gauntlet | Found a transporter.
 11922 | Gauntlet | Found a transporter.
 11931 | Gauntlet | Found a transporter.
 11935 | Gauntlet | Found a transporter.
 11941 | Gauntlet | Noticed a death yak
 11943 | Gauntlet | Noticed a death yak
 11944 | Gauntlet | Found a transporter.
 11944 | Gauntlet | Noticed a death yak
 11944 | Gauntlet | Noticed a death yak
 11947 | Gauntlet | Noticed a death yak
 11964 | Gauntlet | Found a transporter.
 11965 | Gauntlet | Identified the +2 hat of the Loofah {rN++ Slay+2 Stlth-}
 11965 | Gauntlet | Noticed a hell beast
 11981 | Gauntlet | Found a transporter.
 11985 | Gauntlet | Found a transporter.
 11989 | Gauntlet | Found a runed translucent door.
 11990 | Gauntlet | Found a runed translucent door.
 11993 | Gauntlet | Found a transporter.
 11997 | Gauntlet | Found a transporter.
 11998 | Gauntlet | Identified the amulet "Agevac" {rPois Will- Regen+ Int+9
                  | Dex-2}
 12041 | Gauntlet | Reached skill level 1 in Spellcasting
 12041 | Gauntlet | Reached skill level 1 in Conjurations
 12041 | Gauntlet | Reached skill level 1 in Translocations
 12041 | Gauntlet | Reached skill level 1 in Air Magic
 12140 | Gauntlet | Noticed a boulder beetle
 12145 | Gauntlet | Noticed a shock serpent
 12147 | Gauntlet | a shock serpent changed into a lindwurm
 12166 | Gauntlet | Noticed a spark wasp
 12166 | Gauntlet | a boulder beetle changed into a spark wasp
 12435 | Gauntlet | Noticed a catoblepas
 12464 | Gauntlet | Killed a death yak
 12468 | Gauntlet | Killed a death yak
 12478 | Gauntlet | Killed a death yak
 12482 | Gauntlet | Gained mutation: Your spells are a little harder to cast,
                  | but a little more powerful. [hidden potential]
 12484 | Gauntlet | Killed a death yak
 12490 | Gauntlet | Killed a death yak
 12730 | Gauntlet | Noticed a minotaur
 12741 | Gauntlet | Killed a minotaur
 12844 | D:12     | Noticed a two-headed ogre
 12853 | D:12     | Killed a two-headed ogre
 12942 | D:12     | Found Nexefod's Magic Scroll Boutique.
 12950 | D:12     | Bought a scroll of acquirement for 676 gold pieces
 12950 | D:12     | Acquired a manual of Fighting
 12976 | D:12     | Found Deruz's Weapon Boutique.
 13161 | D:12     | Found Iffoah Ryag's Antique Weapon Shoppe.
 13401 | D:12     | Reached skill level 11 in Fighting
 13851 | D:13     | Reached **** piety under Ashenzari
 13879 | D:13     | Reached skill level 12 in Fighting
 13991 | D:13     | Noticed a centaur warrior
 13995 | D:13     | Killed a centaur warrior
 13996 | D:13     | Reached XP level 13. HP: 120/125 MP: 22/22
 14000 | D:13     | Reached skill level 13 in Fighting
 14047 | D:13     | Reached skill level 14 in Fighting
 14081 | D:13     | Found an ancient bone altar of Kikubaaqudgha.
 14299 | D:13     | Reached skill level 15 in Fighting
 14449 | D:13     | Gained mutation: Your flesh is cold resistant. (rC+)
                  | [hidden potential]
 14449 | D:13     | Lost mutation: You have hidden genetic potential. [hidden
                  | potential expressed]
 14646 | D:14     | Reached skill level 16 in Fighting
 14650 | D:14     | Noticed a vault guard
 14659 | D:14     | Killed a vault guard
 14759 | D:14     | Found a gate to the Vaults.
 14810 | D:14     | Noticed Nessos
 14811 | D:14     | Noticed Nessos
 14811 | D:14     | Nessos changed into Nessos the glowing orange brain
 14818 | D:14     | Killed Nessos the glowing orange brain
 14887 | D:14     | Noticed Kirke
 14902 | D:14     | Killed Kirke
 14903 | D:14     | Reached skill level 17 in Fighting
 15289 | D:14     | Identified Roxanne's Catalogue of Moulding
 15289 | D:14     | Noticed Roxanne
 15317 | D:14     | Found a runed translucent door.
 15330 | D:14     | Found a runed translucent door.
 15511 | D:14     | Found a runed translucent door.
 15549 | D:14     | Found a runed translucent door.
 16150 | D:14     | Learned a level 5 spell: Manifold Assault
 16157 | D:15     | Entered Level 15 of the Dungeon
 16290 | D:15     | Reached XP level 14. HP: 147/147 MP: 23/23
 16493 | D:15     | Reached skill level 5 in Translocations
 16536 | D:15     | Reached ***** piety under Ashenzari
 16832 | D:15     | Found a staircase to the Depths.
 17492 | Lair:1   | Entered Level 1 of the Lair of Beasts
 18566 | Lair:2   | Noticed Urug
 18591 | Lair:2   | Killed Urug
 18792 | Lair:2   | Identified the +1 robe of Shadows and Fog {Int+7}
 19112 | Lair:2   | Found a radiant altar of Vehumet.
 19306 | Lair:3   | Acquired 1005 gold pieces
 19368 | Lair:3   | Found a hole to the Spider Nest.
 19719 | Lair:3   | Noticed Gastronok
 19729 | Lair:3   | Killed Gastronok
 19730 | Lair:3   | Reached skill level 18 in Fighting
 19754 | Lair:3   | Upgraded the game from 0.28-a0-1506-g3893175d92 to
                  | 0.28-a0-1510-gd0f6b136d3
 20097 | Lair:3   | Reached XP level 15. HP: 155/155 MP: 24/24
 20233 | Lair:4   | Found a staircase to the Swamp.
 20756 | Lair:4   | Acquired a +1 vampiric glaive
 21352 | Lair:5   | Reached skill level 19 in Fighting
 21437 | Lair:5   | Found a staircase to the Slime Pits.
 21438 | Lair:5   | Found a viscous altar of Jiyva.
 21636 | Lair:6   | Entered Level 6 of the Lair of Beasts
 22614 | Lair:6   | Reached skill level 20 in Fighting
 22765 | Lair:6   | Found the +4 Cigotuvi's embrace {rMiasma Drain rN+}
 23332 | Lair:6   | Reached XP level 16. HP: 170/170 MP: 25/25
 23430 | Lair:6   | Identified the +4 leather armour of the Iron City of Dis
                  | {rPois Str-4 Dex+5}
 23949 | Depths:1 | Entered Level 1 of the Depths
 23957 | D:15     | Slain by a frost giant

Illustrated notes

Levels and vault maps discovered:
D:1:      dpeg_arrival_central, layout_loops_ring
D:2:      minmay_recursive_quarters, layout_loops_corners,
          chequers_ecumenical_altar_simple_redux, uniq_natasha
D:3:      gammafunk_wand_slinger, layout_basic, solitary_fountain,
          lemuel_another_geyser, uniq_sigmund, uniq_jessica
D:4:      layout_gridville, lemuel_crystal_altar, portal_sewer_entry_e
D:5:      layout_basic, minmay_manual_mail, uniq_grinder
D:6:      layout_loops_ring, evilmike_ruin_ashenzari, kennysheep_small_square,
          uniq_maggie, uniq_crazy_yiuf_cottage
D:7:      layout_cave_pools, nicolae_uskayaw_en_pointe, temple_fountains,
          serial_shops, shop
D:8:      layout_rooms, lemuel_doored_altar, grunt_lair_entry_orc_guard_hut,
          minmay_shop_damaged, nicolae_shop_gadgets, uniq_prince_ribbit1
D:9:      layout_rooms
D:10:     layout_basic, enter_trove_3, serial_shops,
          nicolae_inconvenience_store, uniq_fannar, uniq_maurice
D:11:     erik_rubicon_b, layout_grid_maze, david_orc_3
D:12:     layout_basic, serial_bayou, serial_bayou_pond_e, serial_bayou_pond_d,
          serial_bayou_shore_b, serial_bayou_crossing, serial_shops,
          nicolae_diamond_shop, nicolae_shop_bloodbath_and_beyond, shop, shop,
          gauntlet_entry_generic, minmay_crystal_water
D:13:     layout_basic, kennysheep_vampire_church
D:14:     kennysheep_cluttered_fort, layout_cave_pods, david_vaults_4,
          moated_statue, minmay_statue_crystal_thing, uniq_kirke, uniq_nessos,
          uniq_roxanne
D:15:     grunt_enter_depths_hoard, layout_basic, serial_glass, glass_columns_a,
          glass_columns_a, dk_noncrumbling_2
Lair:1:   layout_roguey, grunt_megastairs_4, infiniplex_staircase_pool
Lair:2:   layout_small_grid, basic_altar, lemuel_fruit_tree, grunt_megastairs_1,
          uniq_urug
Lair:3:   layout_roguey, spider_nest_entry_funnel_web, lemuel_fruit_fields,
          uniq_gastronok
Lair:4:   layout_cave_shapes, minmay_swamp_entry_swarm, serial_bayou_shore_b
Lair:5:   layout_loops_ring, slime_altar_1, serial_bayou_shore_b,
          serial_bayou_shore_b, grunt_megastairs_3, serial_bayou_shore_b,
          infiniplex_staircase_pool_2
Lair:6:   due_jungle_book, layout_long_grid
Depths:1: minmay_inside_and_out, layout_gridlike, enter_ziggurat_b,
          minmay_misc_feat_rows, pf_coc_iceberg, biasface_ghost_demon_polymorph,
          kennysheep_small_circle

Skill      XL: |  1  2  3  4  5  6  7  8  9 10 11 12 13 14 15 |
---------------+----------------------------------------------+-----
Fighting       | 4 5 6 7 8 9 10 12 17 18 20 | 20.9
Dodging        | 3 4 5 7 8 11 13 17 19 | 19.3
Polearms       | 4 5 7 8 10 12 17 18 | 18.2
Poison Magic   | 1 4 |  4.0
Spellcasting   | 4 |  4.2
Conjurations   | 1 |  1.1
Translocations | 2 4 9 |  9.8
Air Magic      | 4 |  4.1
Stealth        | |  5.4

Action                   |  1- 3 |  4- 6 |  7- 9 | 10-12 | 13-15 | 16-18 || total
-------------------------+-------+-------+-------+-------+-------+-------++-------
Melee: Spear             |    60 |       |       |       |       |       ||    60
       Unarmed           |    19 |       |       |       |       |       ||    19
       Glaive            |     1 |    97 |   135 |   428 |   995 |    11 ||  1667
       Tailslap          |       |       |       |     1 |     1 |       ||     2
Throw: Dart              |       |       |       |     7 |       |       ||     7
 Cast: Mephitic Cloud    |       |       |       |     7 |     4 |       ||    11
       Manifold Assault  |       |       |       |       |     1 |       ||     1
Invok: Curse Item        |       |       |       |     6 |     2 |       ||     8
       Shatter the Chain |       |       |       |       |     2 |       ||     2
Evoke: Wand              |     1 |       |     1 |     3 |     6 |       ||    11
  Use: Potion            |     1 |       |     1 |     4 |     2 |       ||     8
       Scroll            |     6 |       |       |     5 |     3 |     1 ||    15
 Stab: Sleeping          |     2 |    13 |    14 |    20 |    30 |     1 ||    80
       Distracted        |       |     1 |       |     2 |     5 |       ||     8
       Confused          |       |       |       |     7 |       |       ||     7
Armor: Leather armour    |    10 |    15 |    22 |       |    12 |     1 ||    60
       Skin              |     1 |       |       |       |       |       ||     1
       Steam dragon scal |       |       |     9 |    39 |    88 |       ||   136
Dodge: Dodged            |    55 |    50 |   104 |   329 |   710 |     3 ||  1251

Table legend: (Time is in decaauts)
 A = Elapsed time spent in this place.
 B = Non-inter-level travel time spent in this place.
 C = Inter-level travel time spent in this place.
 D = Time resting spent in this place.
 E = Time spent auto-exploring this place.
 F = Levels seen in this place.
 G = Mean time per level.
                   A        B        C        D        E       F      G
               +--------+--------+--------+--------+--------+-----+--------+
         Total |  23652 |  22415 |   1237 |   2971 |  15179 |  23 | 1028.3 |
       Dungeon |  16969 |  15934 |   1035 |   2182 |  10957 |  15 | 1131.3 |
          Lair |   5741 |   5540 |    201 |    208 |   4089 |   6 |  956.8 |
        Depths |      5 |      5 |      0 |      0 |      0 |   1 |    5.0 |
      Gauntlet |    935 |    935 |      0 |    581 |    132 |   1 |  935.0 |
               +--------+--------+--------+--------+--------+-----+--------+

Top non-repeatable levels by time:
    D:14: 1773 daAuts
  Lair:6: 1771 daAuts
     D:3: 1621 daAuts
     D:5: 1520 daAuts
    D:10: 1367 daAuts
    D:11: 1265 daAuts
     D:6: 1222 daAuts
    D:12: 1206 daAuts
     D:2: 1137 daAuts
    D:15: 1114 daAuts
     D:8: 1023 daAuts
     D:9: 967 daAuts
  Lair:2: 942 daAuts
Gauntlet: 935 daAuts
  Lair:3: 831 daAuts
